 Seeded DCSS version 0.29-a0-350-g7790a0e70a (webtiles) character file.

Game seed: 7774103814747607012 (custom seed)

24 zeratav the Vandal (level 2, 0/14 HPs)
             Began as a Spriggan Hunter on Apr 22, 2022.
             Slain by a hobgoblin (1 damage)
             ... on level 2 of the Dungeon.
             The game lasted 00:01:06 (488 turns).

zeratav the Vandal (Spriggan Hunter)                 Turns: 488, Time: 00:01:07

Health: 0/14       AC:  2    Str:  7    XL:     2   Next: 79%
Magic:  3/3        EV: 17    Int: 10    God:
Gold:   65         SH:  0    Dex: 18    Spells: 1/1 levels left

rFire   . . .      SeeInvis +   a - +1 hunting sling {sling}
rCold   . . .      Faith    .   (no shield)
rNeg    . . .      Spirit   .   b - +0 robe
rPois   .          Reflect  .   (helmet restricted)
rElec   .          Harm     .   (no cloak)
rCorr   .          Rampage  .   (gloves unavailable)
Will    .....                   (boots unavailable)
Stlth   ++........              (no amulet)
HPRegen 0.04/turn               (no ring)
MPRegen 0.08/turn               (no ring)

@: lethally poisoned (0 -> -6), very quick
A: very small, no large weapons, unfitting armour, see invisible, speed 3
a: no special abilities


You were on level 2 of the Dungeon.
You visited 1 branch of the dungeon, and saw 2 of its levels.

You collected 65 gold pieces.


Innate Abilities, Weirdness & Mutations

You are very small and have problems with some larger weapons.
You are too small for most types of armour.
You have supernaturally acute eyesight. (SInv)
You cover ground extremely quickly. (Speed+++)


   Skills:
 - Level 1.5 Fighting
 + Level 5.9 Slings
 - Level 2.6 Dodging
 - Level 1.5 Stealth


You had one spell level left.
You didn't know any spells.
Your spell library was empty.

Inventory:

Hand Weapons
 a - a +1 hunting sling (weapon) {sling}
Armour
 b - a +0 robe (worn)
Scrolls
 c - 2 scrolls of immolation {!r!r}
 d - a scroll of fog {unknown}
 e - a scroll of magic mapping {unknown}
 f - a scroll of teleportation {unknown}
Potions
 g - a potion of curing {unknown}

Dungeon Overview and Level Annotations

Branches:
Dungeon (2/15)

Altars:

Shops:
D:2

( . . #.### ##
#.#.. .# #.
#.#.#..###
.#..#...#....##
.......S.......
#.@g.r.[.#
#..##.##.# ##..
.8## ⌠.. ∩.8.
.⌠.. .8J8..


You could see an adder, an endoplasm (asleep), a hobgoblin and a rat.


Message History

No target in view!
No target in view!
No target in view!
No target in view!
No target in view!
No target in view!
No target in view!
No target in view!
No target in view!
You now have 65 gold pieces (gained 5).
You open the door.
There is an open door here.
There is a staircase leading out of the dungeon here.
Done exploring.
HP[+1]
Your hp is fully restored (14).
Done exploring.
(D) Dungeon
Where to? (? - help)
There is a staircase leading out of the dungeon here.
There is an open door here.
You see here 10 stones {throwing}.
There is a stone staircase leading down here.
You climb downwards.
The hobgoblin shouts!
Found a club and a ring mail.
Found Joxaot's Weapon Shop.
There is a stone staircase leading up here.
There are monsters nearby!
You shoot a sling bullet. The sling bullet hits the adder!
A ball python comes into view.
You shoot a sling bullet.
The sling bullet completely misses the ball python.
The ball python hisses angrily.
You shoot a sling bullet.
The sling bullet barely misses the ball python.
The ball python bites you. The ball python misses you.
You shoot a sling bullet. The sling bullet hits the ball python.
The ball python closely misses you. The ball python grabs you.
The ball python constricts you. The adder bites you.
You are poisoned.
The adder poisons you!
You shoot a sling bullet.
The sling bullet closely misses the ball python.
You feel sick. The ball python misses you. The ball python constricts you.
A rat comes into view.
The adder barely misses you. The ball python barely misses you.
The ball python constricts you. The hobgoblin completely misses you.
You are too injured to fight recklessly!
HP[-6]
You take 6 damage, and now have 8/14 hp.
MASSIVE DAMAGE!! (PAUSE)
You are too injured to fight recklessly!
You are too injured to fight recklessly!
You are too injured to fight recklessly!
You are too injured to fight recklessly!
You are too injured to fight recklessly!
You are too injured to fight recklessly!
You escape the ball python's grasp.
You feel sick. The adder barely misses you. The adder closely misses you.
The ball python closely misses you. The ball python grabs you.
You stop ascending the stairs.
The ball python constricts you.
* * * LOW HITPOINT WARNING * * *
The hobgoblin completely misses you.
HP[-2]
You take 2 damage, and now have 6/14 hp.
Really attack while wielding your +1 hunting sling {sling}? [Y]es or [N]o only, please.
Really attack while wielding your +1 hunting sling {sling}?
Okay, then.
Fire: a) +1 hunting sling {sling}
Press: ? - help, Q - select action Shift-Dir - straight line, f/p - ball python
Aim: a ball python (severely wounded, constricting you, 58% to hit)
You shoot a sling bullet. The sling bullet hits the ball python.
You kill the ball python!
You feel sick. The adder closely misses you. The hobgoblin misses you.
HP[-1]
You take 1 damage, and now have 5/14 hp.
Fire: a) +1 hunting sling {sling}
Press: ? - help, Q - select action Shift-Dir - straight line, f - adder
Aim: an adder (severely wounded, 44% to hit)
You shoot a sling bullet.
The sling bullet barely misses the adder.
You feel sick.
You are no longer poisoned.
The adder bites you.
* * * LOW HITPOINT WARNING * * *
You are lethally poisoned!
The adder poisons you! The hobgoblin completely misses you.
The adder barely misses you.
HP[-2]
You take 2 damage, and now have 3/14 hp.
Fire: a) +1 hunting sling {sling}
Press: ? - help, Q - select action Shift-Dir - straight line, f/p - adder
Aim: an adder (severely wounded, 44% to hit)
You shoot a sling bullet.
The sling bullet barely misses the adder.
* * * LOW HITPOINT WARNING * * *
You feel sick. The adder misses you. The hobgoblin hits you.
You die...

Skill      XL: |  1 |
---------------+----+-----
Slings         | 5 |  5.9
Fighting       | |  1.5
Dodging        | |  2.6
Stealth        | |  1.5

Action                   || total
-------------------------++-------
 Fire: Hunting sling     ||    52
Armor: Robe              ||     1
Dodge: Dodged            ||    27

Levels and vault maps discovered:
D:1:      tarquinn_simple_flora_water_d, layout_basic,
          hellmonk_ecumenical_altar_lost_god
D:2:      layout_basic, serial_shops,
          nicolae_shop_temple_entry_statues_fountains

Notes
Turn   | Place    | Note
-------+----------+-------------------------------------------
     0 | D:1      | zeratav the Spriggan Hunter began the quest for the Orb.
     0 | D:1      | Reached XP level 1. HP: 10/10 MP: 2/2
     0 | D:1      | magus.rc [v1.9.6]
    47 | D:1      | Reached skill level 5 in Slings
   156 | D:1      | Reached XP level 2. HP: 14/14 MP: 3/3
   212 | D:1      | Found a faded altar of an unknown god.
   479 | D:2      | Found Joxaot's Weapon Shop.
   487 | D:2      | HP: 3/14 [adder (1)]
   488 | D:2      | HP: 1/14 [poisoned by an adder]
   488 | D:2      | Slain by a hobgoblin

Vanquished Creatures
  2 endoplasms (D:1)
  2 giant cockroaches (D:1)
  2 goblins (D:1)
  A hobgoblin (D:1)
  3 jackals (D:1)
  A ball python (D:2)
  2 bats (D:1)
  A frilled lizard (D:1)
  3 kobolds (D:1)
  5 rats (D:1)
22 creatures vanquished.

Table legend:
 A = Non-vault XP
 B = Vault XP
 C = Vault XP percentage of total XP
 D = Non-vault monster count
 E = Vault monster count
 F = Vault count percentage of total count
                 A         B        C        D         E       F
            +---------+---------+-------+---------+---------+-------
      Total |      35 |       0 |   0.0 |      22 |       0 |   0.0
            +---------+---------+-------+---------+---------+-------
        D:1 |      34 |       0 |   0.0 |      21 |       0 |   0.0
        D:2 |       1 |       0 |   0.0 |       1 |       0 |   0.0
            +---------+---------+-------+---------+---------+-------

Illustrated notes

Table legend:
 A = Kills in this place as a percentage of kills in entire the game.
 B = Kills by you in this place as a percentage of kills by you in the entire game.
 C = Kills by friends in this place as a percentage of kills by friends in the entire game.
 D = Other kills in this place as a percentage of other kills in the entire game.
 E = Experience gained in this place as a percentage of experience gained in the entire game.
 F = Experience gained in this place divided by the number of levels of this place that you have seen.
                   A       B       C       D       E      F
               +-------+-------+-------+-------+-------+----------------------
         Total | 100.0 | 100.0 |   N/A |   N/A | 100.0 |  17.5
       Dungeon | 100.0 | 100.0 |   N/A |   N/A | 100.0 |  17.5
               +-------+-------+-------+-------+-------+----------------------

Table legend: (Time is in decaauts)
 A = Elapsed time spent in this place.
 B = Non-inter-level travel time spent in this place.
 C = Inter-level travel time spent in this place.
 D = Time resting spent in this place.
 E = Time spent auto-exploring this place.
 F = Levels seen in this place.
 G = Mean time per level.
                   A        B        C        D        E       F      G
               +--------+--------+--------+--------+--------+-----+--------+
         Total |    343 |    327 |     16 |      0 |    243 |   2 |  171.5 |
       Dungeon |    343 |    327 |     16 |      0 |    243 |   2 |  171.5 |
               +--------+--------+--------+--------+--------+-----+--------+

Top non-repeatable levels by time:
     D:1: 333 daAuts
     D:2: 10 daAuts
